 Dungeon Crawl Stone Soup version 0.15-a0-86-gda4a099 (webtiles) character file.

353 Kanakotka the Cutter (level 5, -5/45 HPs)
             Began as a Draconian Gladiator on Apr 7, 2014.
             Slain by an ogre
             ... wielding a +0,+0 giant club
              (11 damage)
             ... on Level 4 of the Dungeon.
             The game lasted 00:08:47 (3509 turns).

Kanakotka the Cutter (Draconian Gladiator)          Turns: 3509, Time: 00:08:47

HP  -5/45        AC  7     Str 19      XL: 5   Next: 36%
MP   5/5         EV 13     Int 10      God:
Gold 169         SH  0     Dex 11      Spells:  0 memorised,  4 levels left

rFire  . . .     SeeInvis .     n - +1 flail (holy)
rCold  . . .     Clarity  .     (armour unavailable)
rNeg   . . .     Conserve .     (no shield)
rPois  .         rCorr    .     c - +0 hat
rElec  .         rRot     .     s - +1 cloak
SustAb . .       Spirit   .     (no gloves)
rMut   .         Warding  .     (no boots)
Saprov . . .     Stasis   .     (no amulet)
MR     .....                    (no ring)
                                g - +2 ring of intelligence

@: not resistant to hostile enchantments, unstealthy
A: unfitting armour, AC +5
a: no special abilities


You were on level 4 of the Dungeon.
You were not hungry.

You visited 1 branch of the dungeon, and saw 4 of its levels.

You collected 169 gold pieces.

Inventory:

Hand weapons
 a - a +0,+0 cutlass
 n - a +1,+1 flail of holy wrath (weapon)
Missiles
 d - 3 throwing nets (quivered)
Armour
 c - a +0 hat (worn)
 s - a +1 cloak (worn)
Comestibles
 h - 3 meat rations
 k - a chunk of adder flesh
 m - a bread ration
Scrolls
 f - 2 scrolls of teleportation
 o - a scroll of identify
Jewellery
 g - a +2 ring of intelligence (left hand)
Potions
 b - a potion of restore abilities
 i - a potion of flight
 j - a potion of brilliance
 l - 2 potions of curing
 p - a potion of cure mutation {unknown}
Rods
 e - a +0 lightning rod (13/13)
   (You found it on level 2 of the Dungeon)


   Skills:
 + Level 3.3 Fighting
 - Level 3.3 Short Blades
 * Level 2.4 Maces & Flails
 - Level 1.7 Throwing
 + Level 3.3 Dodging
 * Level 2.5 Unarmed Combat


You had 4 spell levels left.
You didn't know any spells.

Dungeon Overview and Level Annotations

Branches:
Dungeon (4/15)
 Temple: D:4-7

Altars:
Makhleb
Okawaru


Message History

You sock the ogre!
The ogre is moderately wounded.
The ogre barely misses you.
You sock the ogre!
The ogre is severely wounded.
The ogre hits you with a giant club!
You hit the ogre but do no damage.
The ogre is severely wounded.
The ogre closely misses you.
You barely miss the ogre.
The ogre is severely wounded.
The ogre completely misses you.
You closely miss the ogre. You tail-slap the ogre.
The ogre is almost dead.
The ogre hits you with a giant club!
* * * LOW HITPOINT WARNING * * *
You closely miss the ogre.
The ogre is almost dead.
The ogre hits you with a giant club!
You die...

*,,*,,,,, ,,,,,,**,##.##,* #...
*,,*****,****,,,,,>,...#** #..#
*,,*,,,,,* *****#,*#..#####...
*,,*,***,* #.##.......... *,,*,*
*,* *.....####.... *,,*,* *,*
*,.#..####.#.. *,,*,*
#.#########..#.<...#.#..
*,,*,*##............##.#.......
*,,*,,.......O@.#*..##.##...#.#
** ,,*,,#########.##........#####
,,,,,*,,******* #...........#****
,,,,,,,, ,,,,,* #.......##..#,,,,
,,,,,,,,,****,* #...........#,,,,
*,*,**,,,,.##.###..##.#.##.##,, ,
*,*,,,,,,#.........##......**,,,,
*,,,,*,,,*....###..........,+,,,,
*,**,*,,,,....#.........###**,,,.


You could see an ogre.

Vanquished Creatures
  A scorpion (D:4)
  An iguana (D:4)
  A worker ant (D:4)
  4 adders
  2 giant geckos
  6 bats
  3 giant cockroaches
  8 goblins
  6 hobgoblins
  5 giant newts
  4 kobolds
  An orc skeleton (D:4)
  A quokka (D:4)
  8 rats
51 creatures vanquished.

Notes
Turn   | Place    | Note
--------------------------------------------------------------
     0 | D:1      | Kanakotka, the Draconian Gladiator, began the quest for the Orb.
     0 | D:1      | Reached XP level 1. HP: 17/17 MP: 1/1
   161 | D:1      | Reached XP level 2. HP: 11/25 MP: 2/2
   478 | D:1      | Reached skill level 1 in Unarmed Combat
  1350 | D:2      | Reached XP level 3. HP: 9/30 MP: 3/3
  2146 | D:3      | Reached skill level 1 in Maces & Flails
  2413 | D:3      | Reached XP level 4. HP: 37/37 MP: 4/4
  2566 | D:3      | honk
  2640 | D:3      | Found a burning altar of Makhleb.
  2641 | D:3      | Found an iron altar of Okawaru.
  3309 | D:4      | Reached XP level 5. HP: 35/45 MP: 5/5
  3502 | D:4      | Noticed an ogre
  3509 | D:4      | Slain by an ogre

Action                   |  1- 3 |  4- 6 || total
-------------------------+-------+-------++-------
Melee: Cutlass           |    64 |       ||    64
       Flail             |    58 |    38 ||    96
  Use: Scroll            |     2 |     6 ||     8
       Potion            |       |     3 ||     3
 Stab: Sleeping          |     1 |       ||     1
